 Dungeon Crawl Stone Soup version 0.28-a0-834-g1a73be5ee4 (webtiles) character file.

Game seed: 16821423027760588780

1075 avis the Insei (level 8, -8/54 HPs)
             Began as an Octopode Transmuter on Nov 11, 2021.
             Mangled by an orc warrior (13 damage)
             ... on level 5 of the Dungeon on Nov 12, 2021.
             The game lasted 00:31:23 (7790 turns).

avis the Insei (Octopode Transmuter)                Turns: 7790, Time: 00:31:28

Health: -8/54      AC:  2    Str: 11    XL:     8   Next: 29%
Magic:  9/12       EV: 20    Int: 16    God:
Gold:   185        SH:  0    Dex: 17    Spells: 4/12 levels left

rFire   . . .      SeeInvis .     - Unarmed
rCold   . . .      Faith    .   (shield currently unavailable)
rNeg    . . .      Spirit   .   (helmet currently unavailable)
rPois   x          Reflect  .   (no amulet)
rElec   .          Harm     .   (no ring)
rCorr   .          Rampage  .   (no ring)
Will    .....                   (no ring)
Stlth   ++........              (no ring)
HPRegen 0.18/turn               (no ring)
MPRegen 0.13/turn               (no ring)
                                (no ring)
                                (no ring)

@: spider-form
A: venomous fangs, almost no armour, (amphibious), 8 rings, tiny, (camouflage
1), (gelatinous body 1), (nimble swimmer 1), (tentacles)
a: End Transformation


You were on level 5 of the Dungeon.
You were a venomous arachnid creature.
You visited 1 branch of the dungeon, and saw 5 of its levels.

You collected 185 gold pieces.

Inventory:

Hand Weapons
 a - a +0 whip of electrocution (melded)
 b - a +0 hunting sling
 g - a +1 shortbow of freezing
 s - a +0 dagger of protection
 w - a +3 dagger
 x - a +2 scythe of venom
 D - a +1 dagger of venom
Missiles
 c - 286 stones
 h - 35 poisoned darts
 m - 74 bolts
 p - 75 arrows
 y - 19 sling bullets
Armour
 d - a +0 buckler (melded)
 f - a +0 tower shield
Magical Staves
 v - a staff of cold
Jewellery
 A - a ring of ice
 B - a ring of see invisible
Scrolls
 k - 2 scrolls of identify {unknown}
 l - a scroll of fog {unknown}
 o - a scroll of torment {unknown}
 r - a scroll of vulnerability {unknown}
 t - a scroll of fear {unknown}
 z - a scroll of blinking {unknown}
Potions
 e - 4 potions of degeneration {unknown}
 i - a potion of brilliance
 j - a potion of mutation {unknown}
 n - 2 potions of curing {unknown}
 q - 2 potions of attraction {unknown}
 u - a potion of cancellation {unknown}
 C - a potion of heal wounds {unknown}


   Skills:
 - Level 4.0 Fighting
 - Level 3.0 Dodging
 - Level 2.0 Stealth
 - Level 4.0 Shields
 - Level 4.0 Unarmed Combat
 * Level 2.9 Spellcasting
 - Level 4.0 Transmutations
 - Level 4.0 Ice Magic
 - Level 2.0 Poison Magic


You had 4 spell levels left.
You knew the following spells:

 Your Spells              Type           Power      Damage    Failure   Level
a - Beastly Appendage     Tmut           30%        N/A       12%         1
p - Spider Form           Tmut/Pois      11%        N/A       36%         3
q - Ice Form              Ice/Tmut       15%        N/A       58%         4

Your spell library contained the following spells:

 Spells                   Type           Power      Damage    Failure   Level
 Wereblood                Tmut           15%        N/A       16%         2


Dungeon Overview and Level Annotations

Branches:
Dungeon (5/15)
 Temple: D:4-7

Altars:
Qazlal
Trog
Uskayaw
Vehumet
Zin

Shops:
D:2 :

Annotations:
D:5 exclusion: door


Innate Abilities, Weirdness & Mutations

You are a venomous arachnid creature.
You have poisonous fangs.
You are tiny and dextrous.
Your spellcasting is less reliable in this form.
Your armour is entirely melded.
You are incapable of wielding weapons or throwing items.
You cannot wear most types of armour.
((You are amphibious.))
You can wear up to eight rings at the same time.
((Your skin changes colour to match your surroundings (Stealth+).))
((Your rubbery body absorbs attacks. (AC +1, EV +1)))
((You are camouflaged near water. (Stealth+)))
((You have tentacles for arms and can constrict up to eight enemies at once.))


Message History

The orc warrior hits you with a +0 war axe!
You hit the orc warrior.
The orc warrior is heavily wounded.
You constrict the orc warrior.
The orc warrior hits you with a +0 war axe!
You hit the orc warrior but do no damage.
Your tentacle spike misses the orc warrior.
Your squeeze misses the orc warrior.
The orc warrior is heavily wounded.
You constrict the orc warrior, but do no damage.
The orc warrior barely misses you.
You hit the orc warrior but do no damage.
You pierce the orc warrior.
The orc warrior is severely wounded.
You constrict the orc warrior, but do no damage.
The orc warrior hits you with a +0 war axe!
You block the orc warrior's attack.
You hit the orc warrior but do no damage.
You pierce the orc warrior, but do no damage.
The orc warrior is severely wounded.
You constrict the orc warrior, but do no damage.
The orc warrior hits you with a +0 war axe!
* * * LOW HITPOINT WARNING * * *
You hit the orc warrior but do no damage.
The orc warrior is severely wounded.
You constrict the orc warrior, but do no damage.
The orc warrior hits you with a +0 war axe!
* * * LOW HITPOINT WARNING * * *
You release your grip on the orc warrior.
Your transformation is almost over.
Your tentacle spike disappears.
The orc shouts!
Casting: Beastly Appendage (safe; 3% risk of failure)
Confirm with . or Enter, or press ? or * to list all spells.
You turn into a venomous arachnid creature.
Your +0 whip of electrocution melds into your body.
Your +0 buckler melds into your body.
Your +0 whip of electrocution stops crackling.
The orc warrior hits you with a +0 war axe!
You die...

#.##.....o...############
# #.#######.# # #..
#.....# #.# #
....##.....###.#
#..'...o.'รท..# #######
#.$#.....##### #......
#..'....o# #......
....#....o# #......
.....#....s#### #......
#.... #........# #......
#... #....<...# #......
... #........# #......
.'........# #......
..##.......# #...... ##
#......... #...)..
#.........# #......
#...#.....# #......


You could see an orc warrior and 2 orcs.

Vanquished Creatures
  Sigmund (D:5)
  Menkaure (D:5)
  A necrophage (D:4)
  A centaur (D:4)
  A phantom (D:5)
  2 scorpions
  A water moccasin skeleton (D:4)
  A centaur zombie (D:5)
  A bullfrog zombie (D:4)
  2 hounds (D:5)
  3 iguanas
  2 orc wizards (D:3)
  A gnoll (D:2)
  4 adders
  A shadow imp (D:5)
  An adder skeleton (D:4)
  3 worms (D:2)
  A dart slug (D:1)
  11 orcs
  2 ball pythons (D:2)
  5 endoplasms
  4 giant cockroaches
  10 goblins
  6 hobgoblins
  9 kobolds
  7 bats
  5 frilled lizards
  9 rats
96 creatures vanquished.

Notes
Turn   | Place    | Note
-------+----------+-------------------------------------------
     0 | D:1      | avis the Octopode Transmuter began the quest for the Orb.
     0 | D:1      | Reached XP level 1. HP: 13/13 MP: 3/3
   457 | D:1      | Reached XP level 2. HP: 16/18 MP: 5/5
  1007 | D:1      | Reached XP level 3. HP: 23/23 MP: 4/6
  1014 | D:1      | Learned a level 3 spell: Spider Form
  1564 | D:2      | Reached skill level 1 in Poison Magic
  1858 | D:2      | Reached skill level 1 in Stealth
  1862 | D:2      | Reached XP level 4. HP: 7/29 MP: 7/7
  2370 | D:2      | Reached skill level 1 in Shields
  2743 | D:2      | Found Mamuxkig's Book Boutique.
  3991 | D:3      | Reached XP level 5. HP: 25/35 MP: 4/8
  4718 | D:3      | Learned a level 4 spell: Ice Form
  5246 | D:4      | Reached XP level 6. HP: 42/42 MP: 9/9
  5365 | D:4      | HP: 2/42 [centaur (3)]
  5756 | D:4      | Found a stormy altar of Qazlal.
  5758 | D:4      | Found a glowing silver altar of Zin.
  5758 | D:4      | Found a radiant altar of Vehumet.
  6177 | D:4      | Noticed a necrophage
  6196 | D:4      | Killed a necrophage
  6197 | D:4      | Reached XP level 7. HP: 44/48 MP: 7/10
  6650 | D:5      | Entered Level 5 of the Dungeon
  6808 | D:5      | Reached skill level 1 in Ice Magic
  6960 | D:5      | Noticed Menkaure
  7078 | D:5      | Found a hide-covered altar of Uskayaw.
  7090 | D:5      | Found a bloodstained altar of Trog.
  7110 | D:5      | Noticed Sigmund
  7120 | D:5      | Killed Sigmund
  7389 | D:5      | Reached XP level 8. HP: 54/54 MP: 8/11
  7549 | D:5      | Killed Menkaure
  7771 | D:5      | HP: 2/54 [orc warrior (14)]
  7790 | D:5      | Mangled by an orc warrior

Illustrated notes

Levels and vault maps discovered:
D:1:      dpeg_arrival_prison, layout_loops_corners
D:2:      layout_basic, serial_shops, shop, minmay_pentomino_z4
D:3:      layout_loops_corners
D:4:      layout_basic, chequers_temple_overflow_statue_of_worship
D:5:      layout_basic, mainiacjoe_overflow_big_doors, minivault_1,
          minmay_ogre_servants, uniq_sigmund, uniq_menkaure

Skill      XL: |  1  2  3  4  5  6  7  8 |
---------------+-------------------------+-----
Unarmed Combat | 4 |  4.0
Fighting       | 2 3 4 |  4.0
Poison Magic   | 1 2 |  2.0
Stealth        | 1 2 |  2.0
Shields        | 2 4 |  4.0
Dodging        | 3 |  3.0
Transmutations | 4 |  4.0
Ice Magic      | 2 4 |  4.0
Spellcasting   | |  2.9

Action                   |  1- 3 |  4- 6 |  7- 9 || total
-------------------------+-------+-------+-------++-------
Melee: Unarmed           |     9 |    19 |    49 ||    77
       Dagger            |    66 |    81 |     8 ||   155
       Constrict         |    20 |    22 |     4 ||    46
       Kick              |    11 |    20 |     7 ||    38
       Tentacles         |     9 |    18 |     4 ||    31
       Punch             |       |     1 |       ||     1
       Whip              |       |       |    17 ||    17
 Cast: Beastly Appendage |    27 |    37 |     6 ||    70
       Spider Form       |       |     2 |     9 ||    11
  Use: Potion            |     1 |     1 |       ||     2
 Stab: Sleeping          |    10 |    10 |     3 ||    23
Armor: Skin              |    12 |     6 |     2 ||    20
Dodge: Dodged            |    37 |    38 |    42 ||   117
Block: Buckler           |     7 |     8 |     7 ||    22

Table legend: (Time is in decaauts)
 A = Elapsed time spent in this place.
 B = Non-inter-level travel time spent in this place.
 C = Inter-level travel time spent in this place.
 D = Time resting spent in this place.
 E = Time spent auto-exploring this place.
 F = Levels seen in this place.
 G = Mean time per level.
                   A        B        C        D        E       F      G
               +--------+--------+--------+--------+--------+-----+--------+
         Total |   7800 |   7167 |    633 |   2807 |   3046 |   5 | 1560.0 |
       Dungeon |   7800 |   7167 |    633 |   2807 |   3046 |   5 | 1560.0 |
               +--------+--------+--------+--------+--------+-----+--------+

Top non-repeatable levels by time:
     D:4: 1951 daAuts
     D:3: 1676 daAuts
     D:2: 1670 daAuts
     D:1: 1513 daAuts
     D:5: 988 daAuts
